 Dungeon Crawl Stone Soup version 0.31-a0-865-g3d5d91748a (webtiles) character file.

Game seed: 160793611493730887

352 Flugkiller the Slasher (level 6, -1/38 HPs)
             Began as a Deep Elf Fighter on Oct 11, 2023.
             Slain by an ogre
             ... wielding a +0 giant club
              (27 damage)
             ... on level 4 of the Dungeon.
             The game lasted 00:03:38 (3230 turns).

Flugkiller the Slasher (Deep Elf Fighter)           Turns: 3230, Time: 00:03:39

Health: -1/38      AC:  8    Str: 13    XL:     6   Next: 35%
Magic:  8/8        EV:  8    Int: 13    God:
Gold:   253        SH:  5    Dex: 16    Spells: 5/5 levels left

rFire   . . .        a - +0 long sword
rCold   . . .        c - +0 buckler
rNeg    . . .        b - +0 scale mail
rPois   +            s - +0 helmet
rElec   .            (no cloak)
rCorr   .            u - +0 pair of gloves
SInv    .            (no boots)
Will    .....        l - amulet of the acrobat Stlth
                     o - ring of poison resistance
HPRegen 0.26/turn    (no ring)
MPRegen 0.11/turn

%: acrobat
@: no status effects
A: no striking features
a: no special abilities


You were on level 4 of the Dungeon.
You visited 1 branch of the dungeon, and saw 4 of its levels.

You collected 253 gold pieces.

Inventory:

Hand Weapons
 a - a +0 long sword (weapon)
Armour
 b - a +0 scale mail (worn)
 c - a +0 buckler (worn)
 f - a +0 helmet
   (You found it on level 1 of the Dungeon)
 s - a +0 helmet (worn)
   (You took it off Robin on level 2 of the Dungeon)
 u - a +0 pair of gloves (worn)
   (You found it on level 3 of the Dungeon)
Jewellery
 l - an amulet of the acrobat (around neck)
   (You found it on level 1 of the Dungeon)
 o - a ring of poison resistance (left hand)
   (You found it on level 2 of the Dungeon)
 t - a ring of wizardry
   (You found it on level 3 of the Dungeon)
Wands
 y - a wand of flame (13)
   (You found it on level 4 of the Dungeon)
Scrolls
 g - 2 scrolls of revelation {unknown}
 h - a scroll of blinking {unknown}
 j - 4 scrolls of teleportation {unknown}
 k - a scroll of torment {unknown}
 n - a scroll of amnesia
 p - a scroll of noise {unknown}
 r - 3 scrolls of poison {unknown}
 w - a scroll of silence {unknown}
Potions
 d - a potion of might
 e - a potion of lignification
 i - 2 potions of attraction {unknown}
 m - 2 potions of resistance {unknown}
 q - 3 potions of curing {unknown}
 v - a potion of heal wounds {unknown}
 x - a potion of mutation {unknown}
 z - a potion of ambrosia {unknown}


   Skills:
 - Level 4.0 Fighting
 + Level 5.1 Long Blades
 - Level 2.4 Armour
 - Level 2.4 Shields


You had 5 spell levels left.
You didn't know any spells.
Your spell library contained the following spells:

 Spells                   Type           Power      Damage    Failure   Level
 Summon Small Mammal      Summ           0%         N/A       89%         1
 Call Canine Familiar     Summ           0%         N/A       99%         3
 Summon Guardian Golem    Hex/Summ       0%         N/A       99%         3


Dungeon Overview and Level Annotations

Branches:
Dungeon (4/15) Zot: 20685
 Temple: D:4-7

Altars:
Dithmenos


Message History

HP restored.
Found a club.
You now have 231 gold pieces (gained 9).
You see here a +0 ring mail.
Found a faded altar of an unknown god.
Unknown command.
You slash the fungus!
The fungus begins to die.
The fungus is lightly damaged.
You hit the plant.
The plant begins to die.
The plant is lightly damaged.
You slash the plant!
The plant is lightly damaged.
You hit the plant.
The plant is lightly damaged.
You slash the plant!
The plant is lightly damaged.
A nearby plant withers and dies.
A nearby fungus withers and dies.
There is a faded altar of an unknown god here.
This altar belongs to (a) Ashenzari, (b) the Shining One or (c) Trog, but you can't tell which.
Press the corresponding letter to learn more about a god, or press enter to convert or escape to cancel.
Okay, then.
You see here a +0 ring mail.
There is a stone staircase leading down here.
You climb downwards.
There is a stone staircase leading up here.
Unknown command.
Found a ring mail.
You open the door.
There is an open door here.
You open the door.
There is an open door here.
You see here 4 stones.
You open the door.
There is an open door here.
j - 4 scrolls labelled KAHIRHUSAD (gained 1)
There is an open door here.
Key pressed, stopping explore.
There is an open door here.
You open the door.
There is an open door here.
You open the door.
There is an open door here.
There is an open door here.
Found a dagger.
There is an open door here.
Unknown command.
No target in view!
There is an open door here.
There is a stone staircase leading down here.
There is an open door here.
You now have 242 gold pieces (gained 11).
You open the door.
There is an open door here.
You open the door.
A goblin comes into view. It is wielding a +0 dagger.
The goblin shouts!
You closely miss the goblin. The goblin hits you but does no damage.
You slash the goblin!
You kill the goblin!
You see here a +0 dagger.
No target in view!
Found 11 gold pieces.
There is an open door here.
No target in view!
You now have 253 gold pieces (gained 11).
There is an open door here.
There is a stone staircase leading down here.
You see here a +0 dagger.
The ogre shouts!
An ogre is nearby!
Unknown command.
An ogre is nearby!
There is a stone staircase leading up, spattered with blood here.
You climb upwards.
The ogre shouts!
The goblin shouts!
You block the goblin's attack.
There is a stone staircase leading down here.
The goblin shouts!
The goblin misses you. The ogre attacks as it pursues you!
The ogre closely misses you. You block the goblin's attack.
You hit the goblin.
The goblin is severely wounded.
The goblin hits you but does no damage. x2
The ogre hits you with a +0 giant spiked club!
You block the goblin's attack. The goblin misses you.
You block the goblin's attack. The goblin attacks as it pursues you!
You block the goblin's attack.
You closely miss the goblin. The goblin hits you but does no damage.
The goblin hits you with a +0 dagger.
You closely miss the goblin. The goblin barely misses you.
You hit the goblin but do no damage. The goblin closely misses you.
The goblin attacks as it pursues you! The goblin completely misses you.
The goblin attacks as it pursues you! You block the goblin's attack.
There is a stone staircase leading down here.
The goblin barely misses you.
You climb downwards.
The ogre hits you with a +0 giant club!!
Ouch! That really hurt!
You die...

####'######## #########
.###........#.. ########..######
............... #...........#...
.............. #...........#...
.............. #...........#...
..####.##..########.###+##...##..
..####.##..###..###.###.#######..
....#..........)O........#....'..
....#...........@........#....#..
....#...........g........#†...#..
....'.....(..............#....#..
....#....................'....#..
##..#......##...##.>##..####.###'
#######....##...##..########.###)
#..............#.....#...#..
#..............#.....#...'..
######...###+####'######.##..###


You could see an ogre and a goblin.

Vanquished Creatures
  A scorpion (D:4)
  3 iguanas (D:4)
  An orc wizard (D:3)
  Natasha (thrice) (D:2)
  Robin (D:2)
  An adder (D:4)
  A worm (D:2)
  3 dart slugs
  4 orcs
  4 endoplasms
  A giant cockroach (D:2)
  20 goblins
  7 hobgoblins
  3 jackals (D:1)
  4 kobolds
  4 quokkas
  7 ball pythons
  4 bats
  5 rats
77 creatures vanquished.

Notes
Turn   | Place    | Note
-------+----------+-------------------------------------------
     0 | D:1      | Flugkiller the Deep Elf Fighter began the quest for the
                  | Orb.
     0 | D:1      | Reached XP level 1. HP: 13/13 MP: 3/3
    74 | D:1      | Reached skill level 2 in Long Blades
   107 | D:1      | Reached XP level 2. HP: 14/18 MP: 4/4
   346 | D:1      | Reached skill level 3 in Long Blades
   740 | D:2      | Reached XP level 3. HP: 12/22 MP: 5/5
   811 | D:2      | Noticed Robin
   981 | D:2      | Noticed Natasha
   993 | D:2      | Killed Natasha
  1118 | D:2      | Reached XP level 4. HP: 27/27 MP: 6/6
  1122 | D:2      | Reached skill level 4 in Long Blades
  1174 | D:2      | Noticed Natasha
  1188 | D:2      | Killed Natasha
  1293 | D:2      | Noticed Natasha
  1347 | D:2      | Killed Natasha
  1435 | D:2      | Killed Robin
  1436 | D:2      | Reached XP level 5. HP: 25/32 MP: 7/7
  1936 | D:3      | Found a shadowy altar of Dithmenos.
  2001 | D:3      | You fall into a shaft and drop 1 floor!
  2300 | D:4      | Reached XP level 6. HP: 30/38 MP: 8/8
  2676 | D:4      | Reached skill level 5 in Long Blades
  2904 | D:3      | Found a faded altar of an unknown god.
  3230 | D:4      | Slain by an ogre

Illustrated notes

Levels and vault maps discovered:
D:1:      lightli_arrival_lavapool, layout_loops_ring, minmay_tetromino_l2
D:2:      layout_basic, minmay_3d_cube, uniq_robin, uniq_natasha
D:3:      layout_rooms, mainiacjoe_overflow_concentric_impassable,
          shapermc_ecumenical_altar_petra, minmay_ogre_servants
D:4:      layout_gridville, amcnicky_mini_corridor_feature

Skill      XL: |  1  2  3  4  5  6 |
---------------+-------------------+-----
Long Blades    | 2 3 4 5 |  5.1
Fighting       | 3 4 |  4.0
Armour         | |  2.4
Shields        | |  2.4

Action                     |  1- 3 |  4- 6 || total
---------------------------+-------+-------++-------
  Melee: Long sword        |    96 |   175 ||   271
    Use: Potion            |       |     1 ||     1
         Scroll            |       |     1 ||     1
 Armour: Scale mail        |    68 |   117 ||   185
         Skin              |       |     3 ||     3
  Dodge: Dodged            |    34 |    80 ||   114
  Block: Buckler           |    22 |    71 ||    93

Table legend: (Time is in decaauts)
 A = Elapsed time spent in this place.
 B = Non-inter-level travel time spent in this place.
 C = Inter-level travel time spent in this place.
 D = Time resting spent in this place.
 E = Time spent auto-exploring this place.
 F = Levels seen in this place.
 G = Mean time per level.
                   A        B        C        D        E       F      G
               +--------+--------+--------+--------+--------+-----+--------+
         Total |   3313 |   3248 |     65 |    662 |   1650 |   4 |  828.2 |
       Dungeon |   3313 |   3248 |     65 |    662 |   1650 |   4 |  828.2 |
               +--------+--------+--------+--------+--------+-----+--------+

Top non-repeatable levels by time:
     D:2: 1097 daAuts
     D:4: 822 daAuts
     D:3: 710 daAuts
     D:1: 683 daAuts
